 Dungeon Crawl Stone Soup version 0.27-a0-96-gb51a1d6fd6 (webtiles) character file.

Game seed: 12094032152595078309

13 kaeus the Stinger (level 2, 14/17 HPs)
             Began as an Octopode Venom Mage on Jan 19, 2021.
             Quit the game on level 1 of the Dungeon.
             The game lasted 00:09:38 (890 turns).

kaeus the Stinger (Octopode Venom Mage)              Turns: 890, Time: 00:09:39

Health: 14/17      AC:  1    Str:  7    XL:     2   Next: 37%
Magic:  5/5        EV: 13    Int: 17    God:
Gold:   44         SH:  0    Dex: 12    Spells: 4/5 levels left

rFire    . . .     SeeInvis .   d - +0 dagger
rCold    . . .     Faith    .   (no shield)
rNeg     . . .     Spirit   .   (helmet restricted)
rPois    .         Reflect  .   (no amulet)
rElec    .         Harm     .   (no ring)
rCorr    .         Rampage  .   (no ring)
Will     .....                  (no ring)
Stlth    +++.......             (no ring)
HPRegen  0.05/turn              (no ring)
MPRegen  0.09/turn              (no ring)
                                (no ring)
                                (no ring)

@: no status effects
A: almost no armour, stealthy swim, amphibious, 8 rings, constrict 8, camouflage
1, gelatinous body 1
a: no special abilities


You were on level 1 of the Dungeon.
You visited 1 branch of the dungeon, and saw 1 of its levels.

You collected 44 gold pieces.

Inventory:

Hand Weapons
 c - a +0 club
 d - a +0 dagger (weapon)
 g - a +0 hunting sling
 i - a +0 hunting sling
 j - a +0 club
 m - a +0 dagger
Armour
 b - a +1 robe
 f - a +0 chain mail
Scrolls
 a - 4 scrolls of identify {unknown}
 e - a scroll of teleportation {unknown}
 h - a scroll of enchant weapon {unknown}
 l - a scroll of enchant armour
Potions
 k - a potion of cancellation {unknown}
 n - a potion of heal wounds {unknown}


   Skills:
 + Level 2.0 Dodging
 + Level 2.6 Stealth
 + Level 0.4 Unarmed Combat
 + Level 2.0 Spellcasting
 + Level 1.0 Transmutations
 + Level 4.3 Poison Magic


You had 4 spell levels left.
You knew the following spells:

 Your Spells              Type           Power        Failure   Level
a - Sting                 Tmut/Pois      40%          6%          1

Your spell library contained the following spells:

 Spells                   Type           Power        Failure   Level
 Poisonous Vapours        Pois/Air       18%          12%         2
 Ignite Poison            Fire/Tmut/Pois 7%           28%         3
 Mephitic Cloud           Conj/Pois/Air  6%           32%         3
 Olgreb's Toxic Radiance  Pois           16%          32%         4


Dungeon Overview and Level Annotations

Branches:
Dungeon (1/15)

Altars:


Innate Abilities, Weirdness & Mutations

You cannot wear most types of armour.
You are very stealthy in the water. (Stealth+)
You are amphibious.
You can wear up to eight rings at the same time.
You can use your tentacles to constrict eight enemies at once.
Your skin changes colour to match your surroundings (Stealth+).
Your rubbery body absorbs attacks. (AC +1, EV +1)


Message History

You see here a kobold corpse.
You see here a dagger.
m - a dagger You now have 44 gold pieces (gained 13).
There are no items here.
n - a murky grey potion
There are no items here.
Unknown command.
Save game and exit?
Welcome back, kaeus the Octopode Venom Mage.
Press ? for a list of commands and other information.
(D) Dungeon
Where to? (? - help)
(D) Dungeon
Where to? (? - help)
Okay, then.
Unknown command.
Unknown command.
Unknown command.
Are you sure you want to abandon this character and quit the game? (Confirm with "yes".)

###..#.#.#.#.########.#
.....#.#..^#.# #.#
...........#.# #.#
#########..#(########.########
............(................#
##########...#######..##.....#
##....†......#.............#
#.....###..#.##.....##..#..#
#.....'....#..@.....##.###.#
#.....###..###...#......#..#
#.....# ##>..#.......#..†..#
#.....# #.#.#......###.#..#
####### #.#.##.###..#..#.##
#.#...........#..#
#.####.#####.##.## #.# #.#
#.#..# #.####.#####.#.##


There were no monsters in sight!

Vanquished Creatures
  3 bats (D:1)
  A giant cockroach (D:1)
  A hobgoblin (D:1)
  5 kobolds (D:1)
  2 rats (D:1)
12 creatures vanquished.

Notes
Turn   | Place    | Note
-------+----------+-------------------------------------------
     0 | D:1      | kaeus the Octopode Venom Mage began the quest for the Orb.
     0 | D:1      | Reached XP level 1. HP: 11/11 MP: 3/3
   193 | D:1      | Reached skill level 4 in Poison Magic
   327 | D:1      | Reached XP level 2. HP: 2/17 MP: 5/5
   890 | D:1      | Quit the game

Illustrated notes

Levels and vault maps discovered:
D:1:      lemuel_arrival_broad_hall, layout_basic, minmay_pentomino_x2

Skill      XL: |  1 |
---------------+----+-----
Poison Magic   | 4 |  4.3
Dodging        | |  2.0
Stealth        | |  2.6
Unarmed Combat | |  0.4
Spellcasting   | |  2.0
Transmutations | |  1.0

Action                   || total
-------------------------++-------
Melee: Unarmed           ||    15
       Dagger            ||    22
       Constrict         ||    10
       Tentacles         ||     6
 Cast: Sting             ||     4
  Use: Scroll            ||     1
 Stab: Sleeping          ||     2
Armor: Skin              ||     5
Dodge: Dodged            ||    30

Table legend: (Time is in decaauts)
 A = Elapsed time spent in this place.
 B = Non-inter-level travel time spent in this place.
 C = Inter-level travel time spent in this place.
 D = Time resting spent in this place.
 E = Time spent auto-exploring this place.
 F = Levels seen in this place.
 G = Mean time per level.
                   A        B        C        D        E       F      G
               +--------+--------+--------+--------+--------+-----+--------+
         Total |    888 |    379 |    509 |      0 |      0 |   1 |  888.0 |
       Dungeon |    888 |    379 |    509 |      0 |      0 |   1 |  888.0 |
               +--------+--------+--------+--------+--------+-----+--------+

Top non-repeatable levels by time:
     D:1: 888 daAuts
